Map: World of Sleepers LE

Players

Ratl - Winner!

  • Race: Protoss Protoss
  • League: Silver
  • Spawn Location: 7:00

nitroprodddd

  • Race: Protoss Protoss
  • Spawn Location: 1:00

VOD

Have the link to the VOD?

Description

Time

  • Played on: Jan. 14, 2020, 9:02 a.m.
  • Length: 9:54
Show
View Real Time Build Order
Export as new Build Order

Ratl Protoss - Winner!

Build Orders:  

Get SALT Encoding   

  12  0:02  Probe  
  14  0:14  Probe  
  14  0:26  Probe  
  14  0:27  Pylon  
  15  0:35  Assimilator  
  15  0:46  Probe (Chrono Boost)  
  16  0:53  Gateway  
  17  0:58  Probe (Chrono Boost)  
  17  1:04  Probe (Chrono Boost)  
  17  1:05  Assimilator  
  18  1:12  Probe  
  19  1:27  Gateway  
  18  1:42  Probe  
  19  1:50  Cybernetics Core  
  19  1:54  Probe  
  20  2:06  Probe  
  20  2:07  Zealot  
  23  2:09  Pylon  
  23  2:23  Pylon  
  23  2:27  Probe  
  24  2:39  Probe  
  24  2:43  Stargate  
  25  2:52  Adept  
  25  2:53  Adept  
  27  3:28  Nexus  
  27  3:35  Probe  
  27  3:38  Warp Gate (Chrono Boost)  
  27  3:41  Void Ray  
  32  3:47  Probe  
  33  3:56  Zealot  
  35  4:23  Void Ray  
  39  4:42  Probe (Chrono Boost)  
  40  4:46  Probe (Chrono Boost)  
  40  4:49  Pylon  
  40  4:51  Pylon  
  42  4:55  Pylon  
  42  4:56  Probe (Chrono Boost)  
  42  4:57  Probe (Chrono Boost)  
  43  5:02  Probe (Chrono Boost)  
  43  5:06  Void Ray  
  48  5:09  Probe  
  48  5:10  Probe  
  50  5:20  Assimilator  
  50  5:22  Probe, Protoss Air Weapons Level 1  
  51  5:30  Stalker x2  
  55  5:39  Probe x2  
  57  5:51  Probe x2  
  55  6:05  Probe  
  55  6:06  Probe  
  55  6:10  Assimilator  
  57  6:16  Void Ray  
  57  6:18  Probe x2  
  63  6:20  Fleet Beacon  
  63  6:30  Probe  
  64  6:34  Fleet Beacon  
  64  6:46  Probe  
  65  6:53  Void Ray  
  65  6:59  Probe  
  70  7:12  Unknown  
  70  7:21  Stargate x2  
  70  7:32  Oracle  
  73  7:45  Pylon  
  73  7:47  Pylon  
  73  7:48  Stalker  
  73  7:49  Stalker  
  77  8:09  Void Ray  
  77  8:11  Void Ray  
  83  8:36  Void Ray  
  87  8:46  Void Ray  
  93  9:27  Assimilator  
  93  9:28  Pylon, Nexus  
  93  9:29  Assimilator  
  93  9:30  Pylon  
  93  9:32  Pylon  
  93  9:33  Pylon  
Show
View Real Time Build Order
Export as new Build Order

nitroprodddd Protoss 

Build Orders:  

Get SALT Encoding   

  12  0:01  Probe (Chrono Boost)  
  13  0:16  Probe (Chrono Boost)  
  13  0:20  Probe (Chrono Boost)  
  15  0:29  Pylon  
  15  0:33  Pylon  
  15  0:47  Probe  
  16  0:56  Forge  
  16  0:59  Probe  
  16  1:02  Gateway  
  17  1:31  Pylon  
  17  1:48  Gateway, Zealot (Chrono Boost)  
  19  2:04  Pylon  
  19  2:07  Zealot  
  20  2:25  Probe  
  21  2:31  Cybernetics Core  
  21  2:34  Zealot  
  23  2:37  Probe, Assimilator  
  24  2:49  Probe  
  25  3:05  Zealot  
  25  3:06  Zealot  
  25  3:08  Probe  
  28  3:20  Probe  
  28  3:27  Warp Gate (Chrono Boost)  
  28  3:32  Probe  
  25  4:54  Photon Cannon  
  25  5:02  Stalker x2  
  25  5:31  Stalker  
  25  5:32  Stalker  
  27  5:40  Probe  
  26  5:52  Probe  
  23  6:04  Probe  
  24  6:12  Adept  
  24  6:13  Adept  
  26  7:07  Probe  
  25  7:14  Stalker x2  
  29  7:19  Probe  
  30  7:38  Twilight Council  
  30  8:02  Adept x2  
  11  9:12  Zealot x2  
  6  9:38  Nexus  
Tags
 
League
Silver
Matchup
PvP
Spawn Locations
Cross Positions
Add a new tag
Caveats
  • Supply blocks, unpowered buildings, or Contaminate may cause inaccurate times.
  • Supply counts are checked every 10 seconds.